 Dungeon Crawl Stone Soup version 0.30-a0-222-ge547ba4400 (webtiles) character file.

Game seed: 11813785206284453004

371220 JustInkie the Black Sun (level 21, -27/145 HPs)
             Began as a Mummy Venom Mage on Oct 8, 2022.
             Was a High Priest of Kikubaaqudgha.
             Killed from afar by a deep elf annihilator (45 damage)
             ... with an iron shot
             ... on level 2 of the Elven Halls.
             The game lasted 03:46:32 (44133 turns).

JustInkie the Black Sun (Mummy Venom Mage)         Turns: 44133, Time: 03:46:33

Health: -27/145    AC: 11    Str: 16    XL:     21   Next: 70%
Magic:  2/44       EV: 15    Int: 23    God:    Kikubaaqudgha [*****.]
Gold:   1303       SH: 28    Dex: 16    Spells: 4/58 levels left

rFire   + . .      SeeInvis +    b - staff of death
rCold   + . .      Faith    +    Y - +8 tower shield of Protective Custody {Regen+ Dex+2}
rNeg    + + +      Spirit   .    O - +2 leather armour {rF+}
rPois   ∞          Reflect  .    S - +2 helmet {SInv}
rElec   +          Harm     .    c - +1 cloak of the Saviour {rElec}
rCorr   +          Rampage  .    w - +2 pair of gloves
Will    +++..                    V - +1 pair of boots {Fly}
Stlth   ++........               z - amulet "Naelul" {Regen+ rCorr Str+4}
HPRegen 2.04/turn                q - ring of willpower
MPRegen 0.29/turn                M - ring of protection from fire

@: corroded, animating dead, flying
A: cold resistance 1, negative energy resistance 3, torment resistance 2, heat
vulnerability 1, in touch with death 2, no potions, faith
}: 2/15 runes: decaying, serpentine
a: Renounce Religion, Unearth Wretches, Torment


You were on level 2 of the Elven Halls.
You worshipped Kikubaaqudgha.
Kikubaaqudgha was extremely pleased with you.
You visited 9 branches of the dungeon, and saw 39 of its levels.
You also visited: Ice Cave, Volcano and Wizlab.

You collected 4728 gold pieces.
You spent 3425 gold pieces at shops.

Inventory:

Hand Weapons
 a - a +2 halberd of venom
Missiles
 m - 3 throwing nets
Armour
 c - the +1 cloak of the Saviour (worn) {rElec}
   (You bought it in a shop on level 9 of the Dungeon)

   rElec:     It insulates you from electricity.
 k - a +0 kite shield of reflection
 w - a +2 pair of gloves (worn)
 B - the +3 robe of Clouds {*Thunder rCloud rElec}
   (You took it off a Cloud Mage in a wizard's laboratory)

   It occasionally creates storm clouds above nearby enemies.
   It grants its wearer immunity to clouds.
   rElec:     It insulates you from electricity.
 F - a +2 robe of cold resistance
 O - a +2 leather armour of fire resistance (worn)
 R - a +1 robe of willpower
 S - a +2 helmet of see invisible (worn)
 V - a +1 pair of boots of flying (worn)
 Y - the +8 tower shield of Protective Custody (worn) {Regen+ Dex+2}
   (You found it on level 15 of the Dungeon)

   Dex:       It affects your dexterity (+2).
   Regen:     It increases your rate of health regeneration.
Magical Staves
 b - a staff of death (weapon)
 n - a staff of fire
Jewellery
 h - a +6 ring of intelligence
 l - the ring "Ledyirph" {Fly Int+5 Stlth-}
   (You found it in a wizard's laboratory)

   [ring of flight]

   Int:       It affects your intelligence (+5).
   Fly:       It grants you flight.
   Stlth:     It makes you less stealthy.
 q - a ring of willpower (left hand)
 r - the ring "Kasana" {rPois rN+ rCorr Str+3 Dex+6}
   (You found it on level 6 of the Dungeon)

   [ring of positive energy]

   Str:       It affects your strength (+3).
   Dex:       It affects your dexterity (+6).
   rPois:     It protects you from poison.
   rN:        It protects you from negative energy.
   rCorr:     It protects you from acid and corrosion.
 u - a ring of see invisible
 z - the amulet "Naelul" (around neck) {Regen+ rCorr Str+4}
   (You found it in a wizard's laboratory)

   [amulet of regeneration]

   Str:       It affects your strength (+4).
   Regen:     It increases your rate of health regeneration.
   rCorr:     It protects you from acid and corrosion.
 C - a +4 ring of protection
 D - a +4 ring of evasion
 H - a +4 ring of protection
 I - a ring of wizardry
 J - a +6 ring of dexterity
 K - a ring of resist corrosion
 M - a ring of protection from fire (right hand)
 N - a ring of flight
 P - an amulet of reflection
 X - a ring of wizardry
Wands
 d - a wand of charming (19)
 i - a wand of flame (14)
 s - a wand of mindburst (16)
 E - a wand of iceblast (7)
 G - a wand of light (23)
 T - a wand of polymorph (5)
 U - a wand of digging (11)
Scrolls
 e - 7 scrolls of teleportation
 g - 28 scrolls of identify
 j - 4 scrolls of brand weapon
 o - 7 scrolls of immolation
 p - 5 scrolls of enchant armour
 t - 5 scrolls of magic mapping
 x - 10 scrolls of amnesia
 y - 6 scrolls of enchant weapon
 A - 6 scrolls of vulnerability
 L - a scroll of torment
 Q - 7 scrolls of butterflies
 W - 3 scrolls of poison
 Z - a scroll of acquirement


   Skills:
 - Level 7.4 Fighting
 + Level 2.6 Polearms
 - Level 9.8 Dodging
 - Level 1.5 Stealth
 - Level 17.2 Shields
 - Level 19.0 Spellcasting
 - Level 6.9 Hexes
 - Level 8.9 Summonings
 - Level 22.3 Necromancy
 - Level 0.7 Transmutations
 - Level 6.7 Poison Magic
 - Level 8.5 Evocations


You had 4 spell levels left.
You knew the following spells:

 Your Spells              Type           Power      Damage    Failure   Level
a - Borgnjor's Vile Clut  Necr/Erth      64%        N/A       2%          5
b - Olgreb's Toxic Radia  Pois           52%        N/A       4%          4
c - Mephitic Cloud        Conj/Pois/Air  32%        N/A       10%         3
d - Anguish               Hex/Necr       70%        N/A       1%          4
e - Dispel Undead         Necr           100%       3d31      0%          4
f - Animate Dead          Necr           100%       N/A       0%          4
g - Death Channel         Necr           80%        N/A       1%          6
h - Simulacrum            Ice/Necr       64%        N/A       12%         6
i - Infestation           Necr           80%        N/A       5%          8
j - Haunt                 Necr/Summ      71%        N/A       11%         7
o - Swiftness             Air            21%        N/A       24%         3

Your spell library contained the following spells:

 Spells                   Type           Power      Damage    Failure   Level
 Necrotise                Necr           100%       1d9       0%          1
 Vampiric Draining        Necr           100%       2d13      0%          3
 Kiss of Death            Conj/Necr      100%       2d13      1%          1
 Sting                    Tmut/Pois      100%       1d8       1%          1
 Summon Small Mammal      Summ           100%       N/A       1%          1
 Cigotuvi's Dreadful Rot  Necr/Pois/Air  100%       N/A       1%          2
 Call Canine Familiar     Summ           58%        N/A       1%          3
 Summon Guardian Golem    Hex/Summ       55%        N/A       1%          3
 Tukima's Dance           Hex            52%        N/A       1%          3
 Ensorcelled Hibernation  Hex/Ice        74%        N/A       2%          2
 Poisonous Vapours        Pois/Air       74%        N/A       3%          2
 Cause Fear               Hex            26%        N/A       4%          4
 Dazzling Flash           Conj/Hex       74%        N/A       5%          3
 Inner Flame              Hex/Fire       37%        N/A       5%          3
 Portal Projectile        Hex/Tloc       74%        N/A       5%          3
 Passwall                 Tmut/Erth      19%        N/A       11%         2
 Blink                    Tloc           42%        N/A       12%         2
 Summon Ice Beast         Ice/Summ       42%        N/A       13%         4
 Summon Lightning Spire   Summ/Air       42%        N/A       13%         4
 Gell's Gravitas          Tloc           21%        N/A       24%         3
 Hailstorm                Conj/Ice       21%        3d6       24%         3
 Teleport Other           Tloc           21%        N/A       24%         3
 Vhi's Electric Charge    Tloc/Air       42%        N/A       24%         3
 Petrify                  Tmut/Erth      23%        N/A       56%         4
 Airstrike                Air            10%        2d(2-18)  61%         4
 Iskenderun's Mystic Bla  Conj/Tloc      21%        2d6       61%         4
 Manifold Assault         Tloc           21%        N/A       61%         4
 Agony                    Necr           100%       N/A       1%          5
 Summon Mana Viper        Hex/Summ       55%        N/A       9%          5
 Metabolic Englaciation   Hex/Ice        18%        N/A       45%         5
 Silence                  Hex/Air        18%        N/A       45%         5
 Monstrous Menagerie      Summ           29%        N/A       86%         7
 Arcjolt                  Conj/Air       10%        1d20      91%         5
 Fireball                 Conj/Fire      10%        3d6       91%         5
 Iskenderun's Battlesphe  Conj           21%        2d7       91%         5
 Lightning Bolt           Conj/Air       10%        1d23      91%         5
 Conjure Ball Lightning   Conj/Air       10%        3x3d6     100%        6
 Dispersal                Tloc           10%        N/A       100%        6
 Iron Shot                Conj/Erth      10%        9d3       100%        6
 Starburst                Conj/Fire      10%        6d5       100%        6
 Orb of Destruction       Conj           10%        9d6       100%        7
 Spellforged Servitor     Conj/Summ      21%        N/A       100%        7
 Discord                  Hex            26%        N/A       100%        8
 Disjunction              Tloc           10%        N/A       100%        8
 Maxwell's Capacitive Co  Air            10%        ∞         100%        8
 Ice Form                 Ice/Tmut       Unusable   N/A       N/A         4
 Borgnjor's Revivificati  Necr           Unusable   N/A       N/A         8
 Blade Hands              Tmut           Unusable   N/A       N/A         5
 Statue Form              Tmut/Erth      Unusable   N/A       N/A         6
 Storm Form               Tmut/Air       Unusable   N/A       N/A         7

Dungeon Overview and Level Annotations

Branches:
Dungeon (15/15)            Temple (1/1) D:4            Lair (5/5) D:10
  Swamp (4/4) Lair:2        Snake (4/4) Lair:2        Slime (1/5) Lair:5
    Orc (2/2) D:10            Elf (3/3) Orc:2        Vaults (4/5) D:14
  Crypt (0/3) Vaults:2     Depths (0/4) D:15          IceCv (visited)
Volcano (visited)          WizLab (visited)

Altars:
Ashenzari
Cheibriados
Dithmenos
Fedhas
Gozag
Hepliaklqana
Kikubaaqudgha
Makhleb
Nemelex Xobeh
Okawaru
Qazlal
Ru
Sif Muna
Trog
Uskayaw
Vehumet
Wu Jian
Xom
Yredelemnul
Jiyva

Shops:
D:6 *   D:9 =*   D:14 ?   Orc:2 (:*[   Elf:2 [   Elf:3 (:?*   Snake:2 *!
Vaults:1 (   Vaults:2 (

Annotations:
D:6 Grinder
D:7 2 runed translucent doors


Innate Abilities, Weirdness & Mutations

You are immune to poison.
Your flesh is cold resistant. (rC+)
You are immune to negative energy. (rN+++)
You are immune to unholy pain and torment.
You are vulnerable to heat. (rF-)
You are strongly in touch with the powers of death.
You do not drink.
You have a special connection with the divine. (Faith)


Message History

Your deep elf pyromancer zombie blinks!
The deep elf high priest blinks!
Your deep elf pyromancer zombie blinks!
Your deep elf annihilator zombie blinks!
Your deep elf zephyrmancer zombie blinks!
The deep elf sorcerer blinks!
Your death scarab blinks! x3
You blink.
The deep elf annihilator blinks!
Really fly into that dispersal trap?
Okay, then.
Unknown command.
The deep elf sorcerer gestures at you while chanting.
The bolt of acid hits you! You resist. The acid corrodes you!
The deep elf high priest mumbles some strange prayers to its god against you.
The sphere of damnation explodes!
The damnation engulfs you!!
Blink to where?
Press: ? - help, Dir - move target
As you read the scroll of blinking, it crumbles to dust.
Your death scarab barely misses the deep elf annihilator.
Your death scarab bites the deep elf annihilator.
Your death scarab draws strength from the deep elf annihilator's injuries!
Your deep elf zephyrmancer zombie closely misses the deep elf sorcerer.
The deep elf sorcerer hits your deep elf zephyrmancer zombie with a +0 short sword.
The deep elf annihilator gestures wildly while chanting.
The deep elf annihilator blinks!
The deep elf annihilator points at you and mumbles some strange words.
The crystal spear hits you!!!
* * * LOW HITPOINT WARNING * * *
The deep elf annihilator points at you and mumbles some strange words.
You block the poison arrow.
The deep elf sorcerer barely misses your deep elf zephyrmancer zombie.
You fly upwards.
There is a stone staircase leading down here.
As you read the scroll of fear, it crumbles to dust.
You assume a fearsome visage.
The deep elf annihilator resists with almost no effort.
The deep elf annihilator casts a spell at you.
The iron shot hits you!!!
You die...
Kikubaaqudgha rasps: "You have failed me!
Welcome... oblivion!"

#...P.......'....'...#.
#..P..8.P...######.....
#[..........# #.....
#...........### ##'.... #######
#...........#.###.##...
##.....###'#.>.....)##...'####..
##.......#'####...###.......#
###
#.........#########.........#
..>...>....'....@e+.........#
...........########.........#
...........# #.........#
^.......[..# ###.....###
.......)...# ###.###
#.........## ### ##.......##
##.....## #######


You could see a deep elf annihilator (empowered, infested).

Vanquished Creatures
  Jory (Vaults:4)
  A storm dragon (Vaults:1)
  Donald (Snake:3)
  A tengu reaver (Vaults:3)
  A fenstrider witch (Swamp:2)
  3 vault wardens
  2 very ugly things
  2 eleionomae (Swamp:3)
  A bunyip (Swamp:3)
  A dire elephant (Vaults:4)
  A deep elf death mage (Vaults:3)
  An ettin (Vaults:2)
  2 great orbs of eyes
  3 yaktaur captains
  A caustic shrike simulacrum (IceCv)
  3 hydras
  A salamander tyrant (Snake:3)
  2 ghost crabs
  A spriggan air mage (Swamp:2)
  An ogre mage (Vaults:3)
  7 two-headed ogres
  A centaur warrior (Vaults:1)
  A catoblepas (Lair:5)
  2 boulder beetles
  A tengu warrior (D:14)
  2 alligators
  4 death yaks
  3 shock serpents
  4 spriggan berserkers (Swamp:2)
  2 deep elf knights
  4 goliath frogs
  A fire crab (D:14)
  A spriggan rider (Swamp:2)
  A nameless horror (Snake:1)
  5 wizards
  3 deep trolls
  3 deep elf archers
  A swamp dragon (Swamp:4)
  3 bog bodies
  An ironbound convoker (Vaults:3)
  A spriggan druid (Swamp:3)
  An orc knight (Orc:2)
  A lindwurm (Vaults:1)
  10 deep elf pyromancers
  2 orc sorcerers
  9 ugly things
  An ugly thing zombie (D:15)
  6 deep elf zephyrmancers
  A manticore (Elf:1)
  5 slime creatures
  An elephant (Lair:4)
  A stone giant zombie (Vaults:1)
  A cyclops (Orc:2)
  A guardian serpent (shapeshifter) (Elf:1)
  2 salamanders
  2 naga magi
  2 black mambas
  A vault sentinel (Vaults:2)
  2 cane toads
  An orange demon (D:10)
  2 freezing wraiths (IceCv)
  2 komodo dragons (Lair:1)
  3 yaktaurs
  A tengu conjurer (D:14)
  5 anaconda simulacra (IceCv)
  8 trolls
  A hornet (Swamp:2)
  2 meliai (D:14)
  4 tyrant leeches
  A blink frog (Lair:5)
  2 dream sheep (Lair:5)
  3 air elementals
  3 wyverns
  23 yaks
  6 wraiths
  2 dire elephant simulacra (IceCv)
  3 hogs (D:12)
  9 fire bats
  7 vampire mosquitoes
  2 nagas
  6 swamp worms
  A hydra simulacrum (IceCv)
  4 water moccasins
  An ice beast (D:7)
  A swamp drake (Swamp:3)
  19 orc warriors
  A black bear (D:7)
  An alligator simulacrum (IceCv)
  3 ogres
  4 centaurs
  A wolf (Lair:2)
  3 kobold brigands (D:6)
  A phantom (D:7)
  6 bullfrogs
  4 scorpions
  3 gnoll sergeants
  3 wights
  2 yak zombies (D:11)
  9 killer bees (D:9)
  3 howler monkeys
  10 electric eels
  A crimson imp (D:3)
  5 jellies
  5 lava snakes (Volcano)
  3 hounds
  7 orc priests
  12 orc wizards
  A hell rat (D:10)
  A hell rat zombie (D:10)
  6 adders
  24 gnolls
  5 orc zombies (Orc:2)
  A shadow imp (D:7)
  An ufetubus (D:4)
  A worm (D:4)
  3 dart slugs
  60 orcs
  9 endoplasms
  2 giant cockroaches (D:2)
  12 goblins
  6 hobgoblins
  6 jackals
  5 kobolds
  A quokka (D:3)
  5 ball pythons
  7 bats
  An endoplasm zombie (D:14)
  3 frilled lizards
  7 rats
  A spectral goblin (D:5)
507 creatures vanquished.

Vanquished Creatures (collateral kills)
  Mara (Swamp:4)
  Sojobo (Vaults:4)
  Margery (Vaults:3)
  Vashnia (Snake:2)
  A Cloud Mage (WizLab)
  Zenata (Vaults:1)
  A titan (Vaults:2)
  The ghost of nago the Eclecticist, an adept DEAE of Sif Muna (Vaults:4)
  A deep elf blademaster (Elf:2)
  Agnes (Snake:2)
  5 sphinxes
  Kirke (D:12)
  A shadow dragon (Vaults:4)
  3 tengu reavers
  A shadow dragon (shapeshifter) (Vaults:2)
  14 nagarajas (Snake:4)
  A fenstrider witch (Swamp:4)
  Aizul (Snake:2)
  A frost giant (Vaults:3)
  7 vault wardens
  3 deep elf sorcerers
  Louise (Snake:1)
  3 orc warlords
  A ghoul (Swamp:3)
  A balrug (Orc:1)
  A demonspawn corrupter (WizLab)
  3 very ugly things
  A war gargoyle (Vaults:3)
  18 ironbound preservers
  2 stone giants (Vaults:2)
  8 ironbound thunderhulks
  Nessos (Lair:4)
  5 eleionomae
  A deep elf demonologist (Elf:3)
  6 dire elephants
  3 spark wasps (WizLab)
  2 deep elf annihilators
  A blizzard demon (WizLab)
  4 ettins
  3 deep elf death magi
  Snorg (D:14)
  2 crystal guardians (Vaults:4)
  8 yaktaur captains
  3 shambling mangroves
  Josephine (D:11)
  4 vault guards (Vaults:3)
  7 great orbs of eyes
  3 spriggan air magi
  7 salamander tyrants
  4 ghost crabs
  A peacekeeper (Vaults:4)
  20 hydras
  4 boulder beetles
  7 anacondas
  10 death yaks
  7 centaur warriors
  8 ironbound frosthearts
  7 alligators
  3 death knights
  2 two-headed ogres
  20 dancing weapons
  21 naga warriors
  4 orc high priests (Orc:2)
  3 tengu warriors
  Urug (D:13)
  17 naga sharpshooters
  A shock serpent (Snake:1)
  4 hell knights (Vaults:3)
  Sonja (Lair:2)
  Amaemon (D:10)
  8 deep elf knights
  3 goliath frogs
  A fire crab (shapeshifter) (D:15)
  4 salamander mystics
  2 death drakes (WizLab)
  9 swamp dragons
  5 naga ritualists
  41 deep trolls
  A phantasmal warrior (Vaults:3)
  2 glowing orange brains
  5 wizards
  2 spriggan druids
  4 sea snakes
  7 necromancers
  4 bog bodies
  12 lindwurms
  4 deep elf archers
  6 orc knights
  22 ugly things
  18 deep elf pyromancers
  16 deep elf zephyrmancers
  5 harpies
  12 ironbound convokers
  A tengu skeleton (Vaults:1)
  4 large abominations (Elf:1)
  4 mana vipers
  A stone giant zombie (Vaults:4)
  3 cyclopes
  An oklob plant (Lair:5)
  9 manticores (Elf:1)
  23 salamanders
  3 orc sorcerers
  6 will-o-the-wisps
  A frost giant skeleton (Vaults:4)
  5 elephants
  14 naga magi
  17 vault sentinels
  3 apocalypse crabs (WizLab)
  3 guardian serpents
  17 cane toads
  A gargoyle (D:13)
  31 black mambas
  20 yaktaurs
  3 rime drakes
  3 freezing wraiths
  4 trolls
  A komodo dragon (shapeshifter) (Elf:1)
  10 komodo dragons
  A meliai (D:14)
  A bloated husk (Swamp:3)
  10 tyrant leeches
  29 slime creatures
  A wind drake (WizLab)
  A polar bear (Lair:5)
  5 hornets
  8 dream sheep (Lair:5)
  6 blink frogs (Lair:5)
  A sphinx simulacrum (Vaults:4)
  3 water elementals
  8 air elementals
  A centaur simulacrum (D:14)
  2 wraiths
  5 wyverns
  3 spriggans
  2 fire elementals (Elf:1)
  A hog (D:12)
  21 yaks
  Grum (Lair:1)
  10 vampire mosquitoes
  10 swamp worms
  A basilisk (Lair:5)
  A harpy simulacrum (IceCv)
  45 nagas
  11 hell hounds
  14 water moccasins
  An alligator simulacrum (IceCv)
  5 nameless horrors
  An ice beast (IceCv)
  10 swamp drakes
  24 orc warriors
  A sky beast (D:7)
  3 human zombies
  A centaur (D:10)
  An elf simulacrum (Vaults:1)
  4 ogres
  15 wolves
  9 bullfrogs
  2 elf zombies (Elf:1)
  3 necrophages
  An earth elemental (Elf:1)
  A scorpion (D:7)
  A glowing shapeshifter simulacrum (Vaults:1)
  2 wights (D:7)
  4 electric eels
  3 howler monkeys
  A lava snake (Volcano)
  10 jellies (Lair:5)
  2 gnoll boudas
  7 orc priests
  4 orc wizards
  3 gnolls
  A river rat (D:10)
  2 shadow imps (D:7)
  2 white imps (Vaults:4)
  An ufetubus (Vaults:4)
  12 orcs
  An endoplasm (Lair:5)
  A quokka (D:10)
  2 plants
1019 creatures vanquished.

Vanquished Creatures (others)
  A golden dragon (Vaults:3)
  A titan (Vaults:4)
  2 sphinxes
  2 thorn hunters
  5 tengu reavers
  3 fenstrider witches
  A demonspawn warmonger (WizLab)
  A nagaraja (Snake:4)
  A shadow dragon (Vaults:1)
  A fire giant (WizLab)
  3 vault wardens
  3 deep elf sorcerers
  2 frost giants (Vaults:1)
  A ghoul (Swamp:3)
  2 demonspawn corrupters (WizLab)
  2 orc warlords (Orc:2)
  2 ironbound preservers
  An ironbound thunderhulk (Vaults:2)
  3 demonspawn blood saints (WizLab)
  4 stone giants
  An eleionoma (Swamp:4)
  A demonspawn black sun (WizLab)
  4 bunyips
  Azrael (D:14)
  A deep elf annihilator (Elf:3)
  2 dire elephants
  A spark wasp (WizLab)
  2 deep elf death magi
  A blizzard demon (WizLab)
  4 ettins
  2 fire dragons (WizLab)
  A great orb of eyes (Vaults:3)
  A deep elf high priest (WizLab)
  4 yaktaur captains
  An entropy weaver (Vaults:1)
  3 fenstrider witch zombies
  6 hydras
  3 ghost crabs
  3 ogre magi
  8 spriggan air magi
  3 ironbound frosthearts
  2 catoblepae
  2 anacondas
  4 boulder beetles
  7 naga warriors
  4 death yaks
  8 naga sharpshooters
  A death knight (D:13)
  A tengu warrior (D:13)
  2 spriggan berserkers (Swamp:4)
  A shock serpent (Snake:4)
  2 hell knights
  2 orc high priests (Orc:2)
  A sun demon (Volcano)
  6 deep elf knights
  2 bunyip zombies (Swamp:3)
  2 death drakes
  A salamander mystic (Snake:1)
  9 deep elf archers
  2 spriggan druids
  3 swamp dragons
  5 naga ritualists
  5 lindwurms
  A wolf spider zombie (D:13)
  4 ironbound convokers
  3 wizards
  3 ugly thing zombies
  11 deep elf pyromancers
  9 deep elf zephyrmancers
  A harpy (Vaults:4)
  2 goliath frog zombies
  A sphinx zombie (Vaults:4)
  2 orc knights (Orc:2)
  An orc sorcerer (Orc:1)
  An eleionoma zombie (Swamp:4)
  7 mana vipers
  A wolf spider (D:13)
  13 human zombies
  A cyclops (D:14)
  A dire elephant zombie (Vaults:4)
  6 salamanders
  Maurice (D:9)
  An elephant (Lair:4)
  5 vault sentinels
  5 naga magi
  A torpor snail (Lair:5)
  27 black mambas
  2 molten gargoyles (Volcano)
  A gargoyle (D:12)
  2 guardian serpents
  6 cane toads
  5 rime drakes
  An efreet (D:13)
  4 komodo dragons
  A tengu conjurer (D:14)
  3 swamp worm zombies
  A death drake zombie (Swamp:2)
  A troll (D:7)
  2 bloated husks
  A hydra zombie (D:14)
  2 boulder beetle zombies
  4 blink frogs
  A hornet (D:7)
  A wind drake (WizLab)
  A great orb of eyes zombie (Vaults:4)
  5 alligator zombies (Swamp:4)
  4 slime creatures
  10 spriggan zombies
  6 black mamba zombies
  2 air elementals (WizLab)
  A slime creature zombie (D:14)
  3 humans (D:12)
  2 yaks (Lair:5)
  A wyvern (D:7)
  17 elf zombies
  3 tyrant leech zombies
  A nameless horror (Snake:4)
  A basilisk (Lair:1)
  A redback (shapeshifter) (WizLab)
  A two-headed ogre zombie (Orc:2)
  4 wargs
  5 deep troll zombies
  2 fire bat zombies (Volcano)
  11 nagas
  A swamp worm (shapeshifter) (WizLab)
  An acid dragon (D:9)
  2 hell hounds
  8 cane toad zombies
  6 water moccasins
  An elephant zombie (Lair:2)
  10 ice beasts (IceCv)
  A black bear (shapeshifter) (D:14)
  11 orc warriors
  A hornet zombie (Swamp:4)
  3 hog zombies (D:12)
  3 ogres
  6 blink frog zombies
  A ghost crab zombie (Swamp:2)
  A swamp dragon zombie (Swamp:3)
  A boggart (D:13)
  8 vampire mosquito zombies
  6 rime drake zombies
  A torpor snail zombie (Lair:5)
  4 komodo dragon zombies
  2 salamander zombies
  A bullfrog (Lair:3)
  6 yaktaur zombies
  3 hell hound zombies (Volcano)
  A necrophage (Swamp:3)
  3 wyvern zombies
  11 water moccasin zombies
  2 wights
  5 troll zombies
  A warg zombie (Orc:2)
  15 yak zombies
  A tengu zombie (D:14)
  5 wolf zombies
  2 centaur zombies
  2 bullfrog zombies (Lair:5)
  A basilisk zombie (Lair:1)
  A black bear zombie (D:7)
  3 orc priests (Orc:2)
  A jelly (D:15)
  A hell rat (D:10)
  2 orc wizards
  11 ice beast zombies (IceCv)
  2 ogre zombies (Orc:2)
  7 naga zombies
  A howler monkey zombie (D:13)
  A gnoll (Orc:2)
  5 swamp drake zombies
  2 lava snake zombies (Volcano)
  An orc (D:14)
  A bat (D:7)
  A bat zombie (D:7)
  2 endoplasms (D:14)
  A giant cockroach (D:15)
  A river rat zombie (D:10)
  A ball python (D:7)
  A ball python zombie (D:7)
  An endoplasm zombie (D:14)
  A giant cockroach zombie (D:15)
  10 gnoll zombies
  93 orc zombies
  A quokka zombie (D:10)
  A rat zombie (D:10)
  29 foxfires
  103 fungi
  155 plants
  7 toadstools (D:6)
977 creatures vanquished.

Grand Total: 2503 creatures vanquished

Notes
Turn   | Place    | Note
-------+----------+-------------------------------------------
     0 | D:1      | JustInkie the Mummy Venom Mage began the quest for the Orb.
     0 | D:1      | Reached XP level 1. HP: 13/13 MP: 4/4
   231 | D:1      | Reached XP level 2. HP: 18/19 MP: 1/5
   745 | D:2      | Found a faded altar of an unknown god.
   818 | D:2      | Gained mutation: You are in touch with the powers of death.
                  | [Mummy growth]
   818 | D:2      | Reached XP level 3. HP: 19/24 MP: 0/7
  1338 | D:3      | Found a hide-covered altar of Uskayaw.
  1432 | D:3      | Found an opulent altar of Gozag.
  1529 | D:3      | Reached XP level 4. HP: 24/30 MP: 1/9
  1691 | D:3      | Found a stormy altar of Qazlal.
  1695 | D:3      | Found a radiant altar of Vehumet.
  1883 | D:3      | Found an ornate altar of the Wu Jian Council.
  2009 | D:3      | Found a burning altar of Makhleb.
  2009 | D:3      | Found a shimmering altar of Xom.
  2058 | D:3      | Reached XP level 5. HP: 14/35 MP: 3/11
  2158 | D:3      | Learned a level 4 spell: Olgreb's Toxic Radiance
  2210 | D:3      | Noticed an ogre
  2221 | D:3      | HP: 1/35 [ogre/+0 giant spiked club (34)]
  2225 | D:3      | Killed an ogre
  2474 | D:4      | Reached XP level 6. HP: 35/41 MP: 2/13
  2611 | D:4      | Found a sacrificial altar of Ru.
  2766 | D:4      | Found a staircase to the Ecumenical Temple.
  2816 | Temple   | Entered the Ecumenical Temple
  3049 | D:4      | Reached skill level 5 in Poison Magic
  3147 | D:4      | Found a basalt altar of Yredelemnul.
  3179 | D:4      | Reached skill level 5 in Spellcasting
  3419 | D:4      | Found an ancient bone altar of Kikubaaqudgha.
  3609 | D:4      | Became a worshipper of Kikubaaqudgha
  3659 | D:5      | Entered Level 5 of the Dungeon
  3931 | D:5      | Reached XP level 7. HP: 46/46 MP: 5/15
  4026 | D:5      | Learned a level 3 spell: Mephitic Cloud
  4129 | D:5      | Learned a level 3 spell: Swiftness
  4273 | D:6      | Identified the ring "Kasana" {rPois rN+ rCorr Str+3 Dex+6}
  4512 | D:7      | Reached * piety under Kikubaaqudgha
  4512 | D:7      | Received a gift from Kikubaaqudgha
  4611 | D:8      | Reached skill level 1 in Fighting
  4611 | D:8      | Reached XP level 8. HP: 54/54 MP: 18/18
  4643 | D:7      | Found a large runed translucent door.
  4644 | D:7      | Found a large runed translucent door.
  4686 | D:6      | Learned a level 4 spell: Animate Dead
  4698 | D:6      | Reached skill level 1 in Necromancy
  4699 | D:6      | Reached skill level 2 in Necromancy
  4703 | D:6      | Reached skill level 3 in Necromancy
  4827 | D:6      | Noticed a slime creature
  4827 | D:6      | Noticed a slime creature
  4872 | D:7      | Reached skill level 4 in Necromancy
  5150 | D:5      | Found a hazy altar of Hepliaklqana.
  5475 | D:5      | Reached skill level 5 in Necromancy
  5680 | D:6      | Reached skill level 6 in Necromancy
  5800 | D:6      | Noticed Grinder
  5809 | D:6      | Found Lonniraf's CLEARANCE SALE!.
  5816 | D:6      | Bought a scroll of noise for 4 gold pieces
  5851 | D:7      | Noticed a two-headed ogre
  5856 | D:7      | Found a large runed translucent door.
  5856 | D:7      | Found a large runed translucent door.
  5953 | D:7      | Reached ** piety under Kikubaaqudgha
  5954 | D:7      | Reached skill level 7 in Necromancy
  5981 | D:7      | Reached XP level 9. HP: 59/59 MP: 14/19
  6122 | D:7      | Noticed a troll
  6135 | D:7      | Reached skill level 8 in Necromancy
  6309 | D:7      | Learned a level 2 spell: Ensorcelled Hibernation
  6333 | D:7      | Reached skill level 1 in Hexes
  6340 | D:7      | Learned a level 4 spell: Anguish
  6528 | D:7      | Found the +2 ratskin cloak {*Rats rPois rN+ Str-1 Int-1
                  | Dex+1}
  6547 | D:7      | Found a sparkling altar of Nemelex Xobeh.
  6658 | D:7      | Noticed a troll
  6670 | D:7      | Killed a troll
  6671 | D:7      | Reached skill level 5 in Hexes
  6898 | D:7      | Killed a two-headed ogre
  6905 | D:7      | Reached XP level 10. HP: 51/65 MP: 1/20
  7564 | D:8      | Reached skill level 9 in Necromancy
  8156 | D:9      | Found Vehiuz's General Store.
  8163 | D:9      | Bought a scroll of immolation for 44 gold pieces
  8175 | D:9      | Reached skill level 10 in Necromancy
  8249 | D:9      | Noticed Maurice
  8268 | D:9      | Killed Maurice
  8393 | D:9      | Reached *** piety under Kikubaaqudgha
  8393 | D:9      | Received a gift from Kikubaaqudgha
  8395 | D:9      | Reached skill level 11 in Necromancy
  8402 | D:9      | Found Vepnic's One-of-a-Kind Rings.
  8747 | D:9      | Reached XP level 11. HP: 70/70 MP: 7/23
  8788 | D:9      | Noticed a two-headed ogre
  8800 | D:9      | Killed a two-headed ogre
  8801 | D:9      | Reached skill level 10 in Spellcasting
  9063 | D:10     | Entered Level 10 of the Dungeon
  9385 | D:10     | Found a staircase to the Orcish Mines.
  9392 | D:10     | Found a staircase to the Lair.
  9392 | D:10     | Noticed a death yak
  9421 | D:10     | Reached **** piety under Kikubaaqudgha
  9429 | D:10     | Killed a death yak
  9546 | D:10     | Learned a level 6 spell: Death Channel
  9552 | D:10     | Learned a level 5 spell: Borgnjor's Vile Clutch
  9557 | D:10     | Learned a level 4 spell: Dispel Undead
  9576 | D:10     | Noticed a death yak
  9578 | D:10     | Noticed a death yak
  9578 | D:10     | Noticed a two-headed ogre
  9585 | D:10     | Killed a two-headed ogre
  9590 | D:10     | Killed a death yak
  9592 | D:10     | Killed a death yak
  9731 | D:10     | Found a shimmering blue altar of Sif Muna.
 10066 | D:10     | Noticed Amaemon
 10080 | D:10     | Killed Amaemon
 10526 | D:11     | Noticed a boulder beetle
 10534 | D:11     | Killed a boulder beetle
 10612 | D:11     | Noticed a two-headed ogre
 10624 | D:11     | Killed a two-headed ogre
 10625 | D:11     | Reached XP level 12. HP: 77/77 MP: 17/30
 10666 | D:11     | Noticed a two-headed ogre
 10679 | D:11     | Killed a two-headed ogre
 10680 | D:11     | Reached skill level 15 in Spellcasting
 10714 | D:11     | Noticed Josephine
 10719 | D:11     | Reached ***** piety under Kikubaaqudgha
 10725 | D:11     | Killed Josephine
 10975 | D:11     | Noticed a two-headed ogre
 10981 | D:11     | Killed a two-headed ogre
 11100 | D:12     | Noticed Kirke
 11113 | D:12     | Killed Kirke
 11214 | D:12     | Your ally Kirke died
 11415 | D:12     | Noticed a boulder beetle
 11433 | D:12     | Killed a boulder beetle
 12733 | D:12     | Noticed a two-headed ogre
 12747 | D:12     | Killed a two-headed ogre
 13100 | Lair:1   | Entered Level 1 of the Lair of Beasts
 13145 | Lair:1   | Reached skill level 12 in Necromancy
 13395 | Lair:1   | Noticed Grum
 13408 | Lair:1   | Killed Grum
 13582 | Lair:1   | Your ally Grum died
 13792 | Lair:1   | Gained mutation: You are strongly in touch with the powers
                  | of death. [Mummy growth]
 13792 | Lair:1   | Reached XP level 13. HP: 82/82 MP: 21/34
 14232 | Lair:2   | Found a staircase to the Swamp.
 14279 | Lair:2   | Noticed Sonja
 14287 | Lair:2   | Killed Sonja
 14290 | Lair:2   | Reached skill level 13 in Necromancy
 14643 | Lair:2   | Found a staircase to the Snake Pit.
 15145 | Lair:3   | Reached skill level 14 in Necromancy
 15370 | Lair:3   | Found a dark tunnel.
 15442 | Volcano  | Entered a volcano
 15956 | Volcano  | Found a radiant altar of Vehumet.
 15975 | Volcano  | Reached skill level 5 in Fighting
 16850 | Lair:3   | Learned a level 6 spell: Simulacrum
 16890 | Lair:4   | Noticed Nessos
 16895 | Lair:4   | HP: 4/93 [Nessos/arrow (3)]
 16901 | Lair:4   | Killed Nessos
 16972 | Lair:4   | Your ally Nessos died
 17888 | Lair:5   | Entered Level 5 of the Lair of Beasts
 17955 | Lair:5   | Identified the +5 rapier of Olubeag {flame, Dex+4}
 17975 | Lair:5   | Reached XP level 14. HP: 101/103 MP: 13/35
 17992 | Lair:5   | Reached skill level 5 in Dodging
 18271 | Lair:5   | Found a viscous altar of Jiyva.
 18273 | Lair:5   | Found a staircase to the Slime Pits.
 18502 | Lair:5   | Reached ****** piety under Kikubaaqudgha
 19190 | Orc:1    | Entered Level 1 of the Orcish Mines
 19407 | Orc:2    | Entered Level 2 of the Orcish Mines
 19458 | Orc:2    | Noticed an orc warlord
 19710 | Orc:2    | Killed an orc warlord
 19721 | Orc:2    | Reached XP level 15. HP: 98/108 MP: 5/36
 19734 | Orc:2    | Reached skill level 15 in Necromancy
 19753 | Orc:2    | Found Kycsuh's Antique Armour Emporium.
 19953 | Orc:2    | Found Nysoth's Book Emporium.
 19989 | Orc:2    | Found Byfeotomp's Antique Weapon Shop.
 20139 | Orc:2    | Found a staircase to the Elven Halls.
 20165 | Orc:2    | Found Afeobun's General Store.
 20457 | Orc:2    | Bought faintly glowing quicksilver dragon scales for 1885
                  | gold pieces
 20457 | Orc:2    | Identified the quicksilver dragon scales of the Albatross
                  | {Harm rElec rC- Will+ Str+4} (You bought it in a shop on
                  | level 2 of the Orcish Mines)
 20818 | Orc:1    | Found a runed translucent door.
 21247 | D:13     | Reached skill level 1 in Evocations
 21262 | D:13     | Noticed Urug
 21270 | D:13     | Killed Urug
 21275 | D:13     | Reached skill level 16 in Necromancy
 21343 | D:13     | Identified the +2 dire flail "Nummae" {vorpal, rF+}
 21904 | D:14     | Noticed Snorg
 21919 | D:14     | Killed Snorg
 22317 | D:14     | Noticed Azrael
 22323 | D:14     | Killed Azrael
 22365 | D:14     | Found a stormy altar of Qazlal.
 22426 | D:14     | Found a gate to the Vaults.
 22607 | D:14     | Found Vatteaz's Magic Scroll Emporium.
 22612 | D:14     | Bought a scroll of blinking for 97 gold pieces
 22612 | D:14     | Bought a scroll of blinking for 97 gold pieces
 22612 | D:14     | Bought a scroll of butterflies for 52 gold pieces
 22651 | D:14     | Bought a scroll of poison for 52 gold pieces
 22810 | D:15     | Entered Level 15 of the Dungeon
 23192 | D:15     | Reached skill level 5 in Evocations
 23411 | D:15     | Identified the +8 tower shield of Protective Custody
                  | {Regen+ Dex+2}
 23670 | D:15     | Reached skill level 17 in Necromancy
 23682 | D:15     | Found a staircase to the Depths.
 24195 | Swamp:1  | Entered Level 1 of the Swamp
 24380 | Swamp:1  | Reached XP level 16. HP: 115/115 MP: 37/37
 24719 | Swamp:2  | Noticed a thorn hunter
 24726 | Swamp:2  | Killed a thorn hunter
 24992 | Swamp:2  | Found a frozen archway.
 25032 | IceCv    | Entered an ice cave
 25250 | IceCv    | Identified the +3 buckler "Iwedopt" {Str+5}
 25848 | Swamp:3  | Reached skill level 18 in Necromancy
 26135 | Swamp:4  | Entered Level 4 of the Swamp
 26641 | Swamp:3  | Noticed a thorn hunter
 26654 | Swamp:3  | Killed a thorn hunter
 27101 | Swamp:4  | Noticed Mara
 27112 | Swamp:4  | Noticed JustInkie's illusion
 27126 | Swamp:4  | Killed Mara
 27139 | Swamp:4  | Reached skill level 19 in Necromancy
 27311 | Swamp:4  | Reached XP level 17. HP: 92/120 MP: 9/38
 27371 | Swamp:4  | Received a gift from Kikubaaqudgha
 27378 | Swamp:4  | Reached skill level 20 in Necromancy
 27381 | Swamp:4  | Learned a level 8 spell: Infestation
 27420 | Swamp:4  | Identified the +1 leather armour of the Saviour {Will+
                  | Str+5 Int+4}
 27458 | Swamp:4  | Got a decaying rune of Zot
 27966 | Snake:1  | Entered Level 1 of the Snake Pit
 28275 | Slime:1  | Entered Level 1 of the Pits of Slime
 28502 | Elf:1    | Entered Level 1 of the Elven Halls
 28792 | Elf:1    | Reached skill level 21 in Necromancy
 29013 | Elf:1    | Paralysed by an air elemental for 1 turns
 29104 | Elf:1    | Got Cigotuvi's Anthology of Maleficent Secrets
 29226 | Elf:1    | Paralysed by an air elemental for 1 turns
 29710 | Elf:2    | Paralysed by an air elemental for 1 turns
 29890 | D:9      | Bought the +1 cloak of the Saviour {rElec} for 258 gold
                  | pieces
 30257 | Snake:1  | Noticed Louise
 30264 | Snake:1  | Killed Louise
 30914 | Snake:1  | Reached XP level 18. HP: 103/127 MP: 17/40
 31199 | Snake:2  | Learned a level 7 spell: Haunt
 31212 | Snake:2  | Found Pullog's Distillery.
 31213 | Snake:2  | Noticed Aizul
 31225 | Snake:2  | Killed Aizul
 31230 | Snake:2  | Reached skill level 1 in Summonings
 31237 | Snake:2  | Found Zamintul's General Store.
 31423 | Snake:2  | Noticed Vashnia
 31728 | Snake:2  | Noticed Agnes
 31767 | Snake:2  | Killed Agnes
 31883 | Snake:2  | Reached skill level 5 in Summonings
 32155 | Snake:2  | Killed Vashnia
 32468 | Snake:3  | Noticed Donald
 32475 | Snake:3  | Killed Donald
 33037 | Snake:3  | Your ally Donald died
 33443 | Snake:4  | Entered Level 4 of the Snake Pit
 33582 | Snake:4  | Reached skill level 22 in Necromancy
 34525 | Snake:4  | Reached skill level 1 in Shields
 34657 | Snake:4  | Reached XP level 19. HP: 105/133 MP: 10/42
 34797 | Snake:4  | Reached skill level 5 in Shields
 34818 | Snake:4  | Got a serpentine rune of Zot
 35634 | Vaults:1 | Entered Level 1 of the Vaults
 35707 | Vaults:1 | Noticed Zenata
 35717 | Vaults:1 | Killed Zenata
 35880 | Vaults:1 | Found Qarontaj's Weapon Emporium.
 35995 | Vaults:1 | Found a magical portal.
 36004 | WizLab   | Entered The Chambers of the Cloud Mage
 36433 | WizLab   | Paralysed by an air elemental for 1 turns
 36453 | WizLab   | Paralysed by an air elemental for 1 turns
 36459 | WizLab   | Paralysed by an air elemental for 1 turns
 36461 | WizLab   | Paralysed by an air elemental for 1 turns
 36621 | WizLab   | Paralysed by an air elemental for 1 turns
 36625 | WizLab   | Paralysed by an air elemental for 1 turns
 36631 | WizLab   | Reached skill level 10 in Shields
 36637 | WizLab   | Noticed Zuro
 36646 | WizLab   | Killed Zuro the Cloud Mage
 36677 | WizLab   | Identified the ring "Ledyirph" {Fly Int+5 Stlth-}
 36679 | WizLab   | Identified the amulet "Naelul" {Regen+ rCorr Str+4}
 38324 | Vaults:2 | Reached XP level 20. HP: 123/139 MP: 6/43
 38916 | Vaults:2 | Found a staircase to the Crypt.
 38948 | Vaults:2 | Found Dykouq's Antique Weapon Boutique.
 39831 | Vaults:3 | Noticed Margery
 39833 | Vaults:3 | Noticed a golden dragon
 39848 | Vaults:3 | Killed Margery
 40375 | Vaults:3 | Reached skill level 15 in Shields
 40518 | Vaults:3 | Identified the +5 arbalest of the Median {freeze, Dex+4
                  | Stlth+}
 40639 | Vaults:3 | Identified the +6 arbalest of Growth {penet, rPois Int+6}
 40830 | Vaults:4 | Noticed Jory
 40854 | Vaults:4 | Killed Jory
 41055 | Vaults:4 | Reached XP level 21. HP: 139/145 MP: 31/44
 41258 | Vaults:4 | Found a runed translucent door.
 41258 | Vaults:4 | Noticed nago's ghost (adept DEAE)
 41280 | Vaults:4 | Killed nago's ghost
 41595 | Vaults:4 | Noticed Sojobo
 41615 | Vaults:4 | Killed Sojobo
 42173 | Elf:2    | Found Hukh's Armour Shoppe.
 42174 | Elf:2    | Paralysed by an air elemental for 1 turns
 42422 | Elf:2    | Found a runed translucent gate.
 42422 | Elf:2    | Found a runed translucent gate.
 42422 | Elf:2    | Found a runed translucent gate.
 43486 | Elf:3    | Entered Level 3 of the Elven Halls
 43487 | Elf:3    | Found Quelemy's General Store.
 43677 | Elf:3    | Found Ylyempu's Weapon Boutique.
 43695 | Elf:3    | Found Faivoj's Book Shop.
 43703 | Elf:3    | Found Hany's Magic Scroll Emporium.
 43711 | Elf:3    | Bought a scroll of acquirement for 936 gold pieces
 43906 | Elf:3    | Reached skill level 1 in Polearms
 44133 | Elf:2    | Killed from afar by a deep elf annihilator

Illustrated notes

Levels and vault maps discovered:
D:1:      wander_arrival_lonely_grave, layout_basic
D:2:      layout_rooms, nicolae_ecumenical_pavilion,
          chequers_serial_rivers_small_b
D:3:      layout_basic, dreamdust_divine_triumvirate,
          chequers_temple_overflow_statue_of_worship,
          grunt_temple_overflow_champion_of_chaos, nzn_wu_jian_contemplation,
          lemuel_tele_altar, minmay_ogre_servants
D:4:      layout_basic, nicolae_overflow_crystal_walls, general_overflow_altar,
          mainiacjoe_overflow_concentric_impassable,
          minmay_temple_entry_statues_pillars, lightli_minifort
D:5:      layout_loops_corners, nicolae_hepliaklqana_monster_ancestors,
          supply_closet_lemuel
D:6:      cheibrodos_fertilizer, layout_basic, st_stairs_14,
          kb_lookout_dungeons_type, minmay_misc_feat_iff,
          nicolae_shop_clearance, uniq_grinder
D:7:      layout_basic, nemelex_diamond_rough_becter,
          minmay_hollow_rounded_squares
D:8:      layout_loops_ring, serial_aquarium, aquarium_bridge_long_separate
          [aquarium_subvault_bridge, aquarium_subvault_bridge,
          aquarium_subvault_bridge, aquarium_subvault_bridge,
          aquarium_subvault_bridge, aquarium_subvault_bridge],
          aquarium_window_1, aquarium_window_2, aquarium_view_4,
          aquarium_view_2e
D:9:      layout_long_grid, serial_shops, shop_statue,
          nicolae_shop_unique_rings, uniq_maurice
D:10:     erik_rubicon_b, layout_basic, mainiacjoe_overflow_tiny_flanked,
          dpeg_lair_monsters, orc_0_dummy, minmay_misc_feat_enclosed,
          uniq_amaemon
D:11:     layout_irregular_city, uniq_josephine
D:12:     layout_basic, minivault_25_ag, uniq_kirke
D:13:     layout_loops_ring, uniq_urug
D:14:     layout_irregular_city, skrybe_vaults_entry_preservation, serial_shops,
          shop, grunt_qazlal_clouds, uniq_snorg, uniq_azrael
D:15:     hangedman_depths_entry_civil_slaughter, layout_stronghold,
          serial_co_window_serial, co_window_corner_a, co_window_paths_a,
          co_window_of_opportunity_a, co_window_paths_b, co_window_paths_a,
          co_window_cross_3, co_window_broadway_a, co_window_of_opportunity_c,
          co_window_of_opportunity_b, co_window_paths_d, glass_columns_a,
          glass_columns_a, minmay_misc_feat_ornament
Temple:   nicolae_temple_ecumenical_triangle
Lair:1:   layout_concentric_octagons, uniq_grum
Lair:2:   layout_cellular_growth, swamp_mist, dummy_snake_entry, serial_forest,
          infiniplex_forest_zigzag_1, infiniplex_forest_straight_2,
          infiniplex_forest_clump_large, infiniplex_forest_lined_3_way,
          uniq_sonja
Lair:3:   layout_cave_shapes, nicolae_volcano_entry_batcave, grunt_megastairs_3
Lair:4:   layout_small_grid, gauntlet_entry_generic,
          infiniplex_staircase_pool_2, uniq_nessos
Lair:5:   minmay_lair_end_frog_pond, layout_gridlike,
          minmay_slime_entry_jelly_boxes
Swamp:1:  layout_basic_swamp, evilmike_swamp_ruin_house_2
Swamp:2:  layout_basic_swamp, portal_ice_cave_entry_frozen_things,
          serial_swamp_ruin, evilmike_swamp_ruin_house_4,
          evilmike_swamp_ruin_house_1, swamp_pool4
Swamp:3:  layout_basic_swamp, nicolae_swamp_dense_foliage, swamp_pool5,
          nicolae_swamp_very_dense_foliage
Swamp:4:  swamp, layout_basic_swamp, uniq_mara
Snake:1:  layout_concentric_octagons, grunt_ministairs_14,
          nicolae_snake_snake_lake, uniq_louise
Snake:2:  layout_rooms, serial_bayou_shore_a, minmay_shoptagon, uniq_agnes,
          uniq_aizul, uniq_vashnia
Snake:3:  layout_grid_maze, uniq_donald
Snake:4:  grunt_snake_rune_spirals, layout_onion
Slime:1:  cheibrodos_slime_lost_civilization_2, layout_caves,
          cheibrodos_slime_lost_civilization_5
Orc:1:    dreamdust_dug_too_deep, layout_caves
Orc:2:    grunt_orc_gardens, layout_caves, grunt_orc_garden, grunt_orc_garden,
          grunt_orc_garden, grunt_orc_garden
Elf:1:    minmay_elf_arrival_plus, layout_loops_ring, special_room
          [special_room_mythical_zoo], minmay_elf_necromancy
Elf:2:    elven_hall_of_blades_hangedman_original [nooodl_blade_entry_preview],
          layout_geoelf_diagonals, serial_shops, nicolae_shop_stone
Elf:3:    minmay_elf_hall_quartered_circle, layout_geoelf_grid, serial_shops,
          shop, shop, nicolae_shop_trees, nicolae_diamond_shop
Vaults:1: mu_enter_wizlab_3, hangedman_vaults_hat, vaults_room_corners,
          grunt_vaults_diagonal, hangedman_vaults_slice, vaults_room_pools,
          nicolae_vaults_border_crossing, layout_vaults_omnigrid, serial_shops,
          shop, uniq_zenata
Vaults:2: vaults_room_boxed, blue_anna_dwarven_crypt, ontoclasm_vaults_hangar,
          st_check, hangedman_vaults_restitches, v_misc_5,
          nicolae_vaults_little_squares_3, nicolae_vaults_mini_display_case,
          vaults_room_pool, layout_vaults_omnibox, serial_shops,
          nicolae_shop_behind_doors
Vaults:3: v_misc_33, vaults_room_guarded_vault, vaults_mumra_minichess,
          ontoclasm_vaults_idyll, v_misc_28, dpeg_vaults_monster_row, v_misc_18,
          nicolae_vaults_yaktaur_gun_rack, layout_vaults_ring, uniq_margery
Vaults:4: gammafunk_ghost_grave, v_misc_10, v_misc_11, vaults_mumra_hex,
          serial_ice_h, v_rooms_3, vaults_mumra_lcd, vaults_dpeg_cross,
          vaults_dpeg_ring, grunt_vaults_hallway_short, v_rooms_5,
          hangedman_vaults_stretched_pinwheel, grunt_vaults_focal,
          layout_vaults_maze_snakey, uniq_jory, uniq_sojobo

Skill      XL: |  1  2  3  4  5  6  7  8  9 10 11 12 13 14 15 16 17 18 19 20 21 |
---------------+----------------------------------------------------------------+-----
Poison Magic   | 3 4 5 6 |  6.7
Spellcasting   | 3 4 5 6 8 14 17 18 19 | 19.0
Fighting       | 1 7 |  7.4
Necromancy     | 7 8 11 12 14 17 19 21 22 | 22.3
Hexes          | 6 |  6.9
Dodging        | 4 9 |  9.8
Evocations     | 6 8 |  8.5
Summonings     | 7 8 |  8.9
Shields        | 4 11 15 17 | 17.2
Polearms       | 2 |  2.6
Stealth        | |  1.5
Transmutations | |  0.7

Action                   |  1- 3 |  4- 6 |  7- 9 | 10-12 | 13-15 | 16-18 | 19-21 || total
-------------------------+-------+-------+-------+-------+-------+-------+-------++-------
Melee: Dagger            |    25 |       |       |       |       |       |       ||    25
       Unarmed           |     6 |       |       |       |       |       |       ||     6
       Staff             |    21 |    20 |    50 |       |    60 |   116 |   173 ||   440
       Punch             |       |       |     1 |       |     2 |     1 |       ||     4
       Halberd           |       |       |    34 |   193 |    94 |       |       ||   321
 Cast: Sting             |    80 |    50 |    70 |       |       |       |       ||   200
       Olgreb's Toxic Ra |       |    14 |    24 |    93 |   124 |    50 |    22 ||   327
       Mephitic Cloud    |       |       |     3 |    25 |    23 |     9 |     8 ||    68
       Animate Dead      |       |       |     3 |    15 |    22 |    14 |    10 ||    64
       Anguish           |       |       |     4 |     8 |    28 |    24 |     7 ||    71
       Death Channel     |       |       |       |     8 |    31 |    29 |    25 ||    93
       Dispel Undead     |       |       |       |    10 |     2 |    13 |     8 ||    33
       Borgnjor's Vile C |       |       |       |     4 |    10 |    36 |     1 ||    51
       Swiftness         |       |       |       |     1 |       |     1 |       ||     2
       Simulacrum        |       |       |       |       |    10 |    13 |    16 ||    39
       Infestation       |       |       |       |       |       |    57 |    90 ||   147
       Haunt             |       |       |       |       |       |    21 |    89 ||   110
Invok: Unearth Wretches  |       |       |     3 |     2 |    21 |    29 |    29 ||    84
       Receive Forbidden |       |       |       |       |       |     1 |       ||     1
       Torment           |       |       |       |       |       |       |     1 ||     1
Evoke: Wand              |       |       |     2 |     2 |       |    25 |     1 ||    30
  Use: Scroll            |       |       |    10 |     5 |     7 |     6 |     7 ||    35
 Stab: Invisible         |       |     2 |       |       |       |       |       ||     2
       Sleeping          |       |       |     3 |     1 |     1 |       |       ||     5
       Paralysed         |       |       |     1 |       |     6 |     2 |     5 ||    14
       Distracted        |       |       |       |     1 |     4 |     2 |     4 ||    11
       Confused          |       |       |       |    12 |     3 |     2 |     1 ||    18
Armor: Robe              |    27 |    15 |    41 |    85 |    21 |       |       ||   189
       Leather armour    |       |       |       |       |    67 |    26 |    47 ||   140
       Troll leather arm |       |       |       |       |       |    19 |    16 ||    35
Dodge: Dodged            |    69 |    41 |   104 |   132 |   140 |   204 |   157 ||   847
Block: Other             |       |       |       |       |    34 |    44 |     7 ||    85
       Reflection        |       |       |       |       |     1 |     4 |       ||     5
       Buckler           |       |       |       |       |       |       |    69 ||    69
       Tower shield      |       |       |       |       |       |       |    92 ||    92

Table legend: (Time is in decaauts)
 A = Elapsed time spent in this place.
 B = Non-inter-level travel time spent in this place.
 C = Inter-level travel time spent in this place.
 D = Time resting spent in this place.
 E = Time spent auto-exploring this place.
 F = Levels seen in this place.
 G = Mean time per level.
                   A        B        C        D        E       F      G
               +--------+--------+--------+--------+--------+-----+--------+
         Total |  50175 |  45949 |   4226 |   7528 |  24167 |  42 | 1194.6 |
       Dungeon |  18590 |  17116 |   1474 |   2710 |  10267 |  15 | 1239.3 |
        Temple |     60 |     60 |      0 |      0 |     38 |   1 |   60.0 |
          Lair |   7287 |   6395 |    892 |    564 |   4184 |   5 | 1457.4 |
         Swamp |   4114 |   3959 |    155 |    823 |   2065 |   4 | 1028.5 |
     Snake Pit |   6552 |   5931 |    621 |    968 |   3004 |   4 | 1638.0 |
    Slime Pits |      1 |      1 |      0 |      0 |      0 |   1 |    1.0 |
  Orcish Mines |   2431 |   1995 |    436 |    312 |   1062 |   2 | 1215.5 |
   Elven Halls |   3372 |   3178 |    194 |    582 |   1299 |   3 | 1124.0 |
        Vaults |   5959 |   5508 |    451 |    864 |   2240 |   4 | 1489.8 |
      Ice Cave |    265 |    265 |      0 |    148 |      0 |   1 |  265.0 |
       Volcano |    723 |    723 |      0 |    311 |      0 |   1 |  723.0 |
        Wizlab |    814 |    814 |      0 |    246 |      7 |   1 |  814.0 |
               +--------+--------+--------+--------+--------+-----+--------+

Top non-repeatable levels by time:
    D:12: 2250 daAuts
 Snake:1: 1911 daAuts
 Snake:3: 1867 daAuts
     D:7: 1825 daAuts
    D:10: 1743 daAuts
Vaults:2: 1698 daAuts
   Elf:2: 1654 daAuts
  Lair:2: 1578 daAuts
 Snake:4: 1545 daAuts
Vaults:1: 1534 daAuts
  Lair:3: 1517 daAuts
  Lair:5: 1497 daAuts
Vaults:4: 1418 daAuts
 Swamp:3: 1415 daAuts
  Lair:1: 1398 daAuts
